[ PARTIDA AOE2 · #484243266 ]
UnrankedMongoles vs Bengalis
[ ANÁLISIS DE REPETICIÓN · EXTRAÍDO DE LA PARTIDA GRABADA ]
Feudal
12:00
Castillos
15:50
Imperial
28:45
| APM promedio | 40.5 |
| APM pico | 118 |
| eAPM promedio | 24.5 |
| Aldeanos / militares | 163 / 102 |
Foco
⚔️ 34.4% · 🌾 65.6%
Mangudai ×99 · Fishing Ship ×11 · Trebuchet (Packed) ×3
Feudal
11:34
Castillos
15:14
Imperial
31:39
| APM promedio | 38.8 |
| APM pico | 68 |
| eAPM promedio | 24.2 |
| Aldeanos / militares | 160 / 63 |
Foco
⚔️ 24.8% · 🌾 75.2%
Hand Cannoneer ×26 · Hussite Wagon ×11 · Bombard Cannon ×11 · Fishing Ship ×10 · Monk ×5 · Trebuchet (Packed) ×5
Feudal
11:06
Castillos
17:59
Imperial
32:05
| APM promedio | 35.6 |
| APM pico | 69 |
| eAPM promedio | 22.8 |
| Aldeanos / militares | 117 / 109 |
Foco
⚔️ 28.8% · 🌾 71.2%
Spearman ×88 · Monk ×18 · Fishing Ship ×7 · Armored Elephant ×2 · Mangonel ×1
Feudal
10:50
Castillos
18:41
Imperial
—
| APM promedio | 74.7 |
| APM pico | 150 |
| eAPM promedio | 46.8 |
| Aldeanos / militares | 139 / 54 |
Foco
⚔️ 47.6% · 🌾 52.4%
Longbowman ×54 · Trade Cart ×2
Feudal
15:47
Castillos
31:37
Imperial
35:37
| APM promedio | 39.7 |
| APM pico | 110 |
| eAPM promedio | 22.6 |
| Aldeanos / militares | 74 / 31 |
Foco
⚔️ 23.3% · 🌾 76.7%
Knight ×27 · Fishing Ship ×27 · Transport Ship ×4
Feudal
10:01
Castillos
17:45
Imperial
29:02
| APM promedio | 66.2 |
| APM pico | 113 |
| eAPM promedio | 36.8 |
| Aldeanos / militares | 147 / 141 |
Foco
⚔️ 29.8% · 🌾 70.2%
Scout Cavalry ×90 · Camel Archer ×44 · Fishing Ship ×25 · Camel Scout ×4 · Bombard Cannon ×2 · Monk ×1
Feudal
11:23
Castillos
15:00
Imperial
28:18
| APM promedio | 60.1 |
| APM pico | 115 |
| eAPM promedio | 28.6 |
| Aldeanos / militares | 189 / 109 |
Foco
⚔️ 26.5% · 🌾 73.5%
Camel Scout ×101 · Trade Cart ×19 · Monk ×4 · Bombard Cannon ×4
Feudal
11:16
Castillos
15:15
Imperial
30:03
| APM promedio | 33.8 |
| APM pico | 63 |
| eAPM promedio | 20.7 |
| Aldeanos / militares | 154 / 76 |
Foco
⚔️ 26.4% · 🌾 73.6%
Knight ×67 · Fishing Ship ×21 · Trebuchet (Packed) ×7 · Monk ×1 · Bombard Cannon ×1
Mapa de la partida
Recursos iniciales + cada clic de construcción. Líneas = muros · curvas = relieve. ◆ oro · ⬟ piedra · ● bayas · ✦ reliquia · ◌ hueco del cierre
Tu base· ✓ Cerrada en 15:50 · 9t muro · frágil
Base de ÐàLạt«Gô°Kµ»· ✓ Cerrada en 15:14 · 13t muro · 2 puerta(s) · frágil
Base de HR itu· ✓ Cerrada en 17:59 · 43t muro · sin puerta
Base de elmenor· ✓ Cerrada en 18:41 · 51t muro · 2 puerta(s)
Base de TRex· ✓ Cerrada en 31:37 · 73t muro · 2 puerta(s)
Base de HR | Darkjosh89· ✓ Cerrada en 17:45 · 0t muro · sin puerta
Base de VIPN@U· ✓ Cerrada en 15:00 · 15t muro · frágil
Base de HR Fast_PIG· ✓ Cerrada en 15:15 · 0t muro · sin puerta
Terreno inicial suavizado · ◌ = hueco del cierre detectado · pasá el cursor para detalles
Inputs por minuto
— C4L4V3R4 - - ÐàLạt«Gô°Kµ»
Build order — C4L4V3R4
Primeras 150 de 412 acciones detectadas
| 0:03 | Construir | House |
| 0:04 | Crear | Villager (Male) |
| 0:05 | Construir | House |
| 0:06 | Crear | Villager (Male) |
| 0:19 | Crear | Villager (Male) |
| 0:32 | Crear | Villager (Male) |
| 1:28 | Crear | Villager (Male) |
| 1:28 | Crear | Villager (Male) |
| 1:52 | Crear | Villager (Male) |
| 1:53 | Crear | Villager (Male) |
| 2:14 | Construir | Lumber Camp |
| 2:25 | Crear | Villager (Male) |
| 2:37 | Crear | Villager (Male) |
| 2:37 | Crear | Villager (Male) |
| 3:01 | Crear | Villager (Male) |
| 3:11 | Investigar | Loom |
| 3:18 | Construir | House |
| 3:29 | Crear | Villager (Male) |
| 4:21 | Crear | Villager (Male) |
| 4:23 | Construir | House |
| 4:24 | Crear | Villager (Male) |
| 4:49 | Crear | Villager (Male) |
| 4:57 | Crear | Villager (Male) |
| 4:59 | Construir | Mill |
| 5:19 | Crear | Villager (Male) |
| 6:26 | Construir | Palisade Wall |
| 6:30 | Crear | Villager (Male) |
| 6:30 | Crear | Villager (Male) |
| 6:34 | Construir | Dock |
| 6:50 | Crear | Villager (Male) |
| 6:51 | Crear | Villager (Male) |
| 7:20 | Crear | Fishing Ship |
| 7:21 | Crear | Villager (Male) |
| 7:25 | Construir | House |
| 7:47 | Crear | Villager (Male) |
| 7:57 | Crear | Villager (Male) |
| 8:10 | Crear | Fishing Ship |
| 8:11 | Crear | Villager (Male) |
| 8:37 | Crear | Villager (Male) |
| 9:11 | Construir | Mining Camp |
| 9:37 | Investigar | Feudal Age |
| 12:00 | Edad | Edad Feudal |
| 12:04 | Crear | Villager (Male) |
| 12:10 | Construir | Market |
| 12:17 | Construir | Blacksmith |
| 12:23 | Investigar | Double-Bit Axe |
| 12:25 | Investigar | Horse Collar |
| 12:30 | Crear | Fishing Ship |
| 12:37 | Crear | Villager (Male) |
| 12:38 | Crear | Villager (Male) |
| 13:06 | Construir | House |
| 13:08 | Investigar | Castle Age |
| 13:19 | Construir | Mill |
| 13:32 | Construir | Mining Camp |
| 14:01 | Construir | Fish Trap |
| 14:25 | Crear | Fishing Ship |
| 14:52 | Crear | Fishing Ship |
| 15:14 | Construir | Fish Trap |
| 15:38 | Construir | House |
| 15:40 | Construir | House |
| 15:46 | Crear | Fishing Ship |
| 15:50 | Construir | Fish Trap |
| 15:50 | Edad | Edad de los Castillos |
| 15:52 | Crear | Villager (Male) |
| 16:13 | Construir | Town Center |
| 16:17 | Crear | Villager (Male) |
| 16:32 | Crear | Villager (Male) |
| 16:41 | Construir | Fish Trap |
| 16:43 | Crear | Villager (Male) |
| 17:01 | Construir | Town Center |
| 17:02 | Crear | Villager (Male) |
| 17:08 | Investigar | Wheelbarrow |
| 17:11 | Crear | Villager (Male) |
| 17:41 | Investigar | Bow Saw |
| 17:48 | Crear | Villager (Male) |
| 17:58 | Crear | Villager (Male) |
| 18:12 | Investigar | Heavy Plow |
| 18:13 | Crear | Villager (Male) |
| 18:22 | Crear | Villager (Male) |
| 18:26 | Investigar | Tech 906 |
| 18:27 | Crear | Villager (Male) |
| 18:29 | Crear | Villager (Male) |
| 18:31 | Crear | Villager (Male) |
| 18:35 | Crear | Villager (Male) |
| 18:39 | Construir | House |
| 18:40 | Construir | House |
| 18:42 | Construir | House |
| 18:43 | Crear | Villager (Male) |
| 18:43 | Crear | Villager (Male) |
| 18:50 | Crear | Villager (Male) |
| 18:55 | Crear | Villager (Male) |
| 19:02 | Crear | Villager (Male) |
| 19:13 | Construir | Stone Wall |
| 19:15 | Crear | Villager (Male) |
| 19:20 | Crear | Villager (Male) |
| 19:33 | Construir | Farm |
| 19:35 | Construir | Farm |
| 19:35 | Crear | Fishing Ship |
| 19:38 | Construir | Farm |
| 19:39 | Construir | Farm |
| 19:41 | Crear | Villager (Male) |
| 19:41 | Crear | Villager (Male) |
| 19:43 | Construir | Farm |
| 19:45 | Construir | Farm |
| 19:49 | Construir | Farm |
| 19:49 | Construir | Farm |
| 19:50 | Construir | Farm |
| 19:52 | Construir | Farm |
| 19:58 | Crear | Villager (Male) |
| 20:12 | Crear | Villager (Male) |
| 20:14 | Construir | House |
| 20:22 | Construir | Fish Trap |
| 20:25 | Crear | Fishing Ship |
| 20:28 | Construir | Farm |
| 20:28 | Crear | Villager (Male) |
| 20:28 | Crear | Villager (Male) |
| 20:34 | Crear | Villager (Male) |
| 20:34 | Crear | Villager (Male) |
| 20:58 | Crear | Villager (Male) |
| 21:00 | Crear | Villager (Male) |
| 21:02 | Crear | Villager (Male) |
| 21:02 | Crear | Villager (Male) |
| 21:09 | Construir | Castle |
| 21:11 | Crear | Villager (Male) |
| 21:11 | Crear | Villager (Male) |
| 21:14 | Construir | Farm |
| 21:21 | Construir | Fish Trap |
| 21:29 | Crear | Fishing Ship |
| 21:29 | Crear | Villager (Male) |
| 21:30 | Crear | Villager (Male) |
| 21:31 | Construir | Farm |
| 21:35 | Construir | Farm |
| 21:43 | Construir | House |
| 21:45 | Crear | Villager (Male) |
| 21:46 | Crear | Villager (Male) |
| 21:46 | Crear | Villager (Male) |
| 21:54 | Crear | Villager (Male) |
| 21:58 | Construir | Fish Trap |
| 21:59 | Crear | Villager (Male) |
| 21:59 | Crear | Villager (Male) |
| 22:15 | Construir | Fish Trap |
| 22:16 | Crear | Villager (Male) |
| 22:18 | Construir | Fish Trap |
| 22:19 | Crear | Villager (Male) |
| 22:19 | Crear | Villager (Male) |
| 22:22 | Construir | House |
| 22:25 | Construir | Farm |
| 22:27 | Construir | Farm |
| 22:28 | Crear | Villager (Male) |
| 22:28 | Crear | Villager (Male) |
Build order — ÐàLạt«Gô°Kµ»
Primeras 150 de 436 acciones detectadas
| 0:02 | Crear | Villager (Male) |
| 0:02 | Crear | Villager (Male) |
| 0:02 | Crear | Villager (Male) |
| 0:03 | Construir | House |
| 0:04 | Construir | House |
| 0:10 | Crear | Villager (Male) |
| 0:10 | Crear | Villager (Male) |
| 1:33 | Crear | Villager (Male) |
| 1:34 | Crear | Villager (Male) |
| 1:56 | Crear | Villager (Male) |
| 1:56 | Crear | Villager (Male) |
| 2:22 | Crear | Villager (Male) |
| 2:22 | Crear | Villager (Male) |
| 2:36 | Construir | Lumber Camp |
| 2:42 | Crear | Villager (Male) |
| 2:42 | Crear | Villager (Male) |
| 3:04 | Crear | Villager (Male) |
| 3:04 | Crear | Villager (Male) |
| 3:30 | Crear | Villager (Male) |
| 3:30 | Crear | Villager (Male) |
| 3:42 | Crear | Villager (Male) |
| 3:42 | Crear | Villager (Male) |
| 3:59 | Construir | House |
| 4:19 | Crear | Villager (Male) |
| 4:19 | Crear | Villager (Male) |
| 4:35 | Construir | Palisade Wall |
| 4:38 | Construir | Palisade Wall |
| 4:42 | Crear | Villager (Male) |
| 4:42 | Crear | Villager (Male) |
| 4:43 | Crear | Villager (Male) |
| 5:07 | Crear | Villager (Male) |
| 5:07 | Crear | Villager (Male) |
| 5:20 | Construir | Dock |
| 5:38 | Construir | Palisade Wall |
| 5:39 | Construir | Palisade Wall |
| 5:41 | Construir | House |
| 6:01 | Crear | Fishing Ship |
| 6:02 | Crear | Fishing Ship |
| 6:07 | Crear | Villager (Male) |
| 6:07 | Crear | Villager (Male) |
| 6:10 | Crear | Villager (Male) |
| 6:11 | Crear | Villager (Male) |
| 6:42 | Construir | Palisade Gate |
| 7:04 | Crear | Fishing Ship |
| 7:06 | Construir | Palisade Gate |
| 7:16 | Crear | Fishing Ship |
| 7:18 | Construir | House |
| 7:19 | Crear | Villager (Male) |
| 7:20 | Crear | Villager (Male) |
| 7:20 | Crear | Villager (Male) |
| 7:47 | Crear | Fishing Ship |
| 7:48 | Crear | Villager (Male) |
| 8:08 | Construir | Mining Camp |
| 9:07 | Crear | Fishing Ship |
| 9:24 | Investigar | Feudal Age |
| 9:24 | Investigar | Feudal Age |
| 10:15 | Construir | House |
| 10:45 | Construir | Mill |
| 11:27 | Crear | Villager (Male) |
| 11:34 | Edad | Edad Feudal |
| 11:37 | Construir | Market |
| 11:39 | Construir | Blacksmith |
| 11:52 | Crear | Villager (Male) |
| 12:34 | Investigar | Castle Age |
| 12:35 | Investigar | Castle Age |
| 12:42 | Construir | Fish Trap |
| 12:47 | Construir | Fish Trap |
| 12:48 | Crear | Fishing Ship |
| 13:04 | Investigar | Double-Bit Axe |
| 13:04 | Investigar | Double-Bit Axe |
| 13:33 | Investigar | Horse Collar |
| 13:44 | Construir | House |
| 13:46 | Construir | House |
| 13:55 | Construir | Fish Trap |
| 13:59 | Investigar | Tech 906 |
| 14:00 | Investigar | Tech 906 |
| 14:00 | Investigar | Tech 906 |
| 14:32 | Crear | Villager (Male) |
| 15:14 | Edad | Edad de los Castillos |
| 15:16 | Construir | Siege Workshop |
| 15:19 | Construir | Monastery |
| 15:24 | Investigar | Bow Saw |
| 15:24 | Investigar | Bow Saw |
| 15:39 | Crear | Villager (Male) |
| 15:49 | Crear | Villager (Male) |
| 16:09 | Investigar | Fervor |
| 16:09 | Investigar | Fervor |
| 16:15 | Construir | Town Center |
| 16:20 | Crear | Villager (Male) |
| 16:41 | Crear | Mangonel |
| 16:41 | Crear | Mangonel |
| 16:41 | Crear | Mangonel |
| 16:43 | Crear | Monk |
| 16:47 | Crear | Villager (Male) |
| 16:48 | Investigar | Town Watch |
| 16:49 | Investigar | Town Watch |
| 17:04 | Crear | Villager (Male) |
| 17:06 | Investigar | Wheelbarrow |
| 17:06 | Investigar | Wheelbarrow |
| 17:14 | Construir | Fish Trap |
| 17:25 | Crear | Villager (Male) |
| 17:26 | Crear | Villager (Male) |
| 17:41 | Construir | Fish Trap |
| 17:46 | Construir | Fish Trap |
| 17:50 | Crear | Villager (Male) |
| 17:50 | Crear | Villager (Male) |
| 17:50 | Crear | Villager (Male) |
| 18:13 | Construir | House |
| 18:14 | Construir | House |
| 18:15 | Construir | House |
| 18:17 | Construir | House |
| 18:23 | Construir | House |
| 18:24 | Construir | House |
| 18:26 | Construir | House |
| 18:27 | Construir | House |
| 18:29 | Crear | Villager (Male) |
| 18:34 | Investigar | Gillnets |
| 18:34 | Investigar | Gillnets |
| 18:49 | Crear | Villager (Male) |
| 19:14 | Construir | Town Center |
| 19:17 | Crear | Villager (Male) |
| 19:39 | Crear | Villager (Male) |
| 19:40 | Crear | Villager (Male) |
| 19:47 | Crear | Villager (Male) |
| 19:47 | Crear | Villager (Male) |
| 20:00 | Construir | Mining Camp |
| 20:03 | Crear | Fishing Ship |
| 20:06 | Crear | Villager (Male) |
| 20:07 | Crear | Villager (Male) |
| 20:11 | Construir | Farm |
| 20:12 | Construir | Farm |
| 20:13 | Construir | Farm |
| 20:18 | Crear | Villager (Male) |
| 20:19 | Crear | Villager (Male) |
| 20:19 | Crear | Villager (Male) |
| 20:20 | Crear | Villager (Male) |
| 20:20 | Crear | Villager (Male) |
| 20:21 | Crear | Villager (Male) |
| 20:24 | Crear | Monk |
| 20:43 | Crear | Villager (Male) |
| 20:43 | Crear | Villager (Male) |
| 21:01 | Crear | Villager (Male) |
| 21:01 | Crear | Villager (Male) |
| 21:01 | Crear | Villager (Male) |
| 21:03 | Crear | Fishing Ship |
| 21:05 | Construir | Fish Trap |
| 21:08 | Construir | Farm |
| 21:31 | Investigar | Atonement |
| 21:31 | Investigar | Atonement |
| 21:32 | Investigar | Atonement |
Build order — HR itu
Primeras 150 de 334 acciones detectadas
| 0:01 | Crear | Villager (Male) |
| 0:01 | Crear | Villager (Male) |
| 0:02 | Crear | Villager (Male) |
| 0:03 | Construir | House |
| 0:04 | Construir | House |
| 0:24 | Investigar | Loom |
| 0:24 | Investigar | Loom |
| 0:52 | Crear | Villager (Male) |
| 0:52 | Crear | Villager (Male) |
| 0:53 | Crear | Villager (Male) |
| 0:53 | Crear | Villager (Male) |
| 1:56 | Crear | Villager (Male) |
| 1:56 | Crear | Villager (Male) |
| 1:57 | Crear | Villager (Male) |
| 2:12 | Construir | Palisade Wall |
| 2:27 | Construir | Palisade Wall |
| 2:33 | Crear | Villager (Male) |
| 2:33 | Crear | Villager (Male) |
| 2:58 | Crear | Villager (Male) |
| 3:24 | Crear | Villager (Male) |
| 3:24 | Crear | Villager (Male) |
| 3:31 | Construir | Palisade Wall |
| 3:35 | Construir | Palisade Wall |
| 3:39 | Crear | Villager (Male) |
| 3:40 | Crear | Villager (Male) |
| 4:10 | Crear | Villager (Male) |
| 4:11 | Crear | Villager (Male) |
| 4:18 | Construir | House |
| 4:37 | Crear | Villager (Male) |
| 4:53 | Construir | Palisade Wall |
| 5:00 | Crear | Villager (Male) |
| 5:00 | Crear | Villager (Male) |
| 5:00 | Crear | Villager (Male) |
| 5:14 | Construir | Lumber Camp |
| 5:20 | Crear | Villager (Male) |
| 5:20 | Crear | Villager (Male) |
| 5:29 | Crear | Villager (Male) |
| 5:30 | Crear | Villager (Male) |
| 6:26 | Crear | Villager (Male) |
| 6:26 | Crear | Villager (Male) |
| 6:51 | Crear | Villager (Male) |
| 6:51 | Crear | Villager (Male) |
| 7:03 | Construir | House |
| 7:47 | Construir | Dock |
| 8:16 | Crear | Villager (Male) |
| 8:56 | Investigar | Feudal Age |
| 8:56 | Investigar | Feudal Age |
| 9:04 | Construir | Lumber Camp |
| 9:45 | Crear | Fishing Ship |
| 10:01 | Construir | House |
| 10:02 | Construir | House |
| 10:31 | Crear | Fishing Ship |
| 11:06 | Edad | Edad Feudal |
| 11:08 | Crear | Villager (Male) |
| 11:12 | Investigar | Double-Bit Axe |
| 11:12 | Investigar | Double-Bit Axe |
| 11:22 | Construir | Stone Wall |
| 11:27 | Crear | Fishing Ship |
| 11:29 | Crear | Villager (Male) |
| 11:32 | Construir | Mill |
| 11:42 | Crear | Villager (Male) |
| 11:52 | Construir | Stone Wall |
| 12:07 | Crear | Fishing Ship |
| 12:08 | Crear | Villager (Male) |
| 12:13 | Construir | Market |
| 12:26 | Crear | Villager (Male) |
| 12:39 | Construir | Mining Camp |
| 12:47 | Construir | Stone Wall |
| 13:09 | Crear | Villager (Male) |
| 13:15 | Construir | House |
| 13:25 | Crear | Fishing Ship |
| 13:33 | Construir | Stone Wall |
| 13:50 | Construir | Outpost |
| 13:52 | Crear | Villager (Male) |
| 13:53 | Crear | Villager (Male) |
| 13:55 | Construir | Blacksmith |
| 14:20 | Construir | Outpost |
| 14:29 | Crear | Fishing Ship |
| 14:29 | Crear | Villager (Male) |
| 14:40 | Construir | House |
| 15:19 | Investigar | Castle Age |
| 15:19 | Investigar | Castle Age |
| 15:33 | Construir | House |
| 16:03 | Construir | Mining Camp |
| 16:32 | Crear | Fishing Ship |
| 16:41 | Construir | Fish Trap |
| 16:49 | Construir | Fish Trap |
| 16:57 | Construir | Fish Trap |
| 16:59 | Construir | Fish Trap |
| 17:02 | Construir | Fish Trap |
| 17:52 | Crear | Villager (Male) |
| 17:55 | Crear | Villager (Male) |
| 17:59 | Edad | Edad de los Castillos |
| 18:03 | Construir | Monastery |
| 18:06 | Construir | Monastery |
| 18:19 | Construir | Siege Workshop |
| 18:25 | Investigar | Bow Saw |
| 18:25 | Investigar | Bow Saw |
| 18:26 | Investigar | Bow Saw |
| 18:27 | Investigar | Gold Mining |
| 18:27 | Investigar | Gold Mining |
| 18:28 | Crear | Villager (Male) |
| 18:50 | Investigar | Redemption |
| 18:53 | Crear | Monk |
| 19:10 | Crear | Armored Elephant |
| 19:11 | Crear | Villager (Male) |
| 19:31 | Construir | Stone Wall |
| 19:41 | Investigar | Sanctity |
| 19:41 | Investigar | Sanctity |
| 19:42 | Crear | Monk |
| 19:42 | Crear | Monk |
| 20:05 | Construir | House |
| 20:06 | Construir | House |
| 20:10 | Crear | Monk |
| 20:11 | Crear | Monk |
| 20:16 | Crear | Armored Elephant |
| 20:24 | Crear | Monk |
| 20:24 | Crear | Monk |
| 20:41 | Crear | Villager (Male) |
| 20:41 | Crear | Villager (Male) |
| 20:55 | Crear | Monk |
| 20:55 | Crear | Monk |
| 21:00 | Construir | Town Center |
| 21:03 | Construir | Town Center |
| 21:39 | Crear | Monk |
| 21:39 | Crear | Monk |
| 21:47 | Crear | Monk |
| 21:54 | Crear | Villager (Male) |
| 21:55 | Crear | Villager (Male) |
| 21:55 | Crear | Villager (Male) |
| 22:15 | Crear | Mangonel |
| 23:09 | Crear | Villager (Male) |
| 23:10 | Crear | Villager (Male) |
| 23:10 | Crear | Villager (Male) |
| 23:21 | Construir | Stone Wall |
| 23:39 | Investigar | Atonement |
| 23:40 | Crear | Monk |
| 23:40 | Crear | Monk |
| 23:40 | Crear | Villager (Male) |
| 23:54 | Crear | Villager (Male) |
| 23:54 | Crear | Villager (Male) |
| 23:58 | Construir | Mill |
| 23:59 | Construir | Farm |
| 23:59 | Construir | Farm |
| 23:59 | Construir | Farm |
| 23:59 | Construir | Farm |
| 24:00 | Construir | Farm |
| 24:00 | Construir | Farm |
| 24:03 | Construir | Fish Trap |
| 24:07 | Construir | Fish Trap |
Build order — elmenor
Primeras 150 de 336 acciones detectadas
| 0:01 | Crear | Villager (Male) |
| 0:01 | Crear | Villager (Male) |
| 0:02 | Crear | Villager (Male) |
| 0:02 | Construir | House |
| 0:03 | Construir | House |
| 0:06 | Crear | Villager (Male) |
| 0:09 | Crear | Villager (Male) |
| 0:09 | Investigar | Loom |
| 1:06 | Crear | Villager (Male) |
| 1:06 | Crear | Villager (Male) |
| 1:22 | Construir | Palisade Wall |
| 1:23 | Construir | Palisade Wall |
| 1:26 | Crear | Villager (Male) |
| 2:09 | Construir | Palisade Wall |
| 2:23 | Crear | Villager (Male) |
| 2:42 | Construir | Palisade Wall |
| 2:45 | Construir | Palisade Wall |
| 2:46 | Construir | Palisade Wall |
| 2:49 | Construir | Palisade Wall |
| 2:52 | Construir | Palisade Wall |
| 2:52 | Crear | Villager (Male) |
| 2:59 | Crear | Villager (Male) |
| 3:00 | Crear | Villager (Male) |
| 3:17 | Crear | Villager (Male) |
| 3:37 | Construir | House |
| 3:49 | Crear | Villager (Male) |
| 3:49 | Crear | Villager (Male) |
| 4:13 | Construir | Palisade Wall |
| 4:16 | Crear | Villager (Male) |
| 4:17 | Crear | Villager (Male) |
| 4:17 | Crear | Villager (Male) |
| 4:35 | Construir | Palisade Wall |
| 4:38 | Crear | Villager (Male) |
| 4:38 | Crear | Villager (Male) |
| 4:46 | Construir | Palisade Wall |
| 5:05 | Crear | Villager (Male) |
| 5:05 | Crear | Villager (Male) |
| 5:05 | Crear | Villager (Male) |
| 5:17 | Construir | House |
| 5:21 | Construir | Palisade Wall |
| 5:23 | Construir | Palisade Wall |
| 5:49 | Construir | Lumber Camp |
| 6:01 | Crear | Villager (Male) |
| 6:12 | Crear | Villager (Male) |
| 6:31 | Construir | Palisade Wall |
| 6:38 | Crear | Villager (Male) |
| 6:50 | Construir | Palisade Wall |
| 6:59 | Construir | House |
| 7:59 | Construir | Mining Camp |
| 7:59 | Crear | Villager (Male) |
| 8:07 | Construir | Palisade Wall |
| 8:40 | Investigar | Feudal Age |
| 8:40 | Investigar | Feudal Age |
| 9:13 | Construir | Palisade Wall |
| 9:14 | Construir | Palisade Wall |
| 9:16 | Construir | Palisade Wall |
| 9:33 | Construir | Palisade Wall |
| 9:34 | Construir | House |
| 9:42 | Construir | Palisade Gate |
| 9:54 | Construir | Palisade Wall |
| 10:01 | Construir | House |
| 10:03 | Construir | Palisade Gate |
| 10:48 | Construir | House |
| 10:50 | Construir | House |
| 10:50 | Edad | Edad Feudal |
| 10:52 | Crear | Villager (Male) |
| 10:56 | Construir | Palisade Wall |
| 11:10 | Construir | Blacksmith |
| 11:10 | Crear | Villager (Male) |
| 11:15 | Crear | Villager (Male) |
| 11:23 | Construir | Mill |
| 11:24 | Crear | Villager (Male) |
| 11:26 | Construir | Palisade Wall |
| 11:30 | Crear | Villager (Male) |
| 11:40 | Construir | Palisade Wall |
| 12:02 | Construir | Mining Camp |
| 12:05 | Crear | Villager (Male) |
| 12:30 | Crear | Villager (Male) |
| 12:43 | Crear | Villager (Male) |
| 12:50 | Crear | Villager (Male) |
| 13:04 | Construir | Palisade Wall |
| 13:11 | Crear | Villager (Male) |
| 13:17 | Construir | Mill |
| 13:30 | Crear | Villager (Male) |
| 14:01 | Crear | Villager (Male) |
| 14:03 | Construir | Market |
| 14:32 | Crear | Villager (Male) |
| 15:04 | Construir | Palisade Wall |
| 15:26 | Crear | Villager (Male) |
| 15:28 | Construir | Palisade Wall |
| 16:01 | Investigar | Castle Age |
| 16:01 | Investigar | Castle Age |
| 16:55 | Construir | House |
| 17:26 | Construir | Palisade Wall |
| 17:27 | Construir | Palisade Wall |
| 17:30 | Construir | Palisade Wall |
| 17:39 | Construir | Palisade Wall |
| 17:46 | Investigar | Fletching |
| 17:46 | Investigar | Fletching |
| 18:38 | Crear | Villager (Male) |
| 18:38 | Crear | Villager (Male) |
| 18:41 | Edad | Edad de los Castillos |
| 18:45 | Construir | Castle |
| 19:45 | Crear | Villager (Male) |
| 20:02 | Crear | Longbowman |
| 20:02 | Crear | Longbowman |
| 20:04 | Crear | Longbowman |
| 20:21 | Crear | Longbowman |
| 20:35 | Construir | Blacksmith |
| 20:39 | Crear | Trade Cart |
| 21:02 | Crear | Longbowman |
| 21:02 | Crear | Longbowman |
| 21:12 | Crear | Longbowman |
| 21:19 | Crear | Villager (Male) |
| 21:19 | Crear | Villager (Male) |
| 21:19 | Crear | Villager (Male) |
| 21:34 | Crear | Longbowman |
| 21:34 | Crear | Longbowman |
| 21:51 | Crear | Longbowman |
| 21:52 | Crear | Longbowman |
| 21:59 | Crear | Villager (Male) |
| 21:59 | Crear | Villager (Male) |
| 22:25 | Crear | Longbowman |
| 22:25 | Crear | Longbowman |
| 22:57 | Crear | Longbowman |
| 22:57 | Crear | Longbowman |
| 22:57 | Crear | Longbowman |
| 23:29 | Crear | Villager (Male) |
| 23:33 | Crear | Villager (Male) |
| 23:45 | Construir | Town Center |
| 24:13 | Crear | Villager (Male) |
| 24:34 | Construir | Farm |
| 24:50 | Crear | Villager (Male) |
| 24:52 | Construir | Farm |
| 24:56 | Construir | Farm |
| 25:03 | Crear | Villager (Male) |
| 25:15 | Crear | Villager (Male) |
| 25:15 | Crear | Villager (Male) |
| 25:19 | Construir | Farm |
| 25:19 | Construir | Farm |
| 25:24 | Construir | Farm |
| 25:25 | Construir | Farm |
| 25:33 | Crear | Longbowman |
| 25:33 | Crear | Longbowman |
| 25:33 | Crear | Longbowman |
| 25:34 | Crear | Villager (Male) |
| 25:45 | Construir | Farm |
| 25:57 | Crear | Villager (Male) |
| 25:57 | Crear | Villager (Male) |
| 26:11 | Crear | Villager (Male) |
Build order — TRex
Primeras 150 de 269 acciones detectadas
| 0:01 | Crear | Villager (Male) ×4 |
| 0:02 | Construir | House |
| 0:03 | Construir | House |
| 0:31 | Crear | Villager (Male) |
| 0:32 | Crear | Villager (Male) |
| 0:32 | Investigar | Loom |
| 0:33 | Crear | Villager (Male) |
| 0:35 | Crear | Villager (Male) |
| 1:55 | Crear | Villager (Male) |
| 2:08 | Construir | Lumber Camp |
| 2:23 | Crear | Villager (Male) |
| 2:23 | Crear | Villager (Male) |
| 2:39 | Construir | Palisade Gate |
| 3:16 | Crear | Villager (Male) |
| 3:17 | Crear | Villager (Male) |
| 3:28 | Construir | House |
| 3:40 | Crear | Villager (Male) |
| 3:40 | Crear | Villager (Male) |
| 3:50 | Construir | House |
| 3:56 | Crear | Villager (Male) |
| 4:45 | Crear | Villager (Male) |
| 4:45 | Crear | Villager (Male) |
| 4:53 | Crear | Villager (Male) |
| 5:08 | Construir | Palisade Wall |
| 5:21 | Construir | Palisade Wall |
| 5:22 | Construir | Palisade Wall |
| 5:24 | Construir | Palisade Wall |
| 5:24 | Construir | Palisade Wall |
| 5:25 | Crear | Villager (Male) |
| 5:26 | Crear | Villager (Male) |
| 5:26 | Crear | Villager (Male) |
| 5:37 | Construir | House |
| 6:39 | Crear | Villager (Male) |
| 6:39 | Crear | Villager (Male) |
| 6:39 | Crear | Villager (Male) |
| 7:21 | Crear | Villager (Male) |
| 7:38 | Crear | Villager (Male) |
| 7:53 | Construir | Dock |
| 7:55 | Crear | Villager (Male) |
| 7:55 | Crear | Villager (Male) |
| 8:31 | Construir | House |
| 8:38 | Crear | Villager (Male) |
| 9:09 | Crear | Villager (Male) |
| 9:13 | Crear | Fishing Ship |
| 9:51 | Crear | Villager (Male) |
| 9:51 | Crear | Villager (Male) |
| 9:52 | Crear | Villager (Male) |
| 10:54 | Crear | Villager (Male) |
| 10:56 | Crear | Fishing Ship |
| 10:56 | Crear | Fishing Ship |
| 11:24 | Construir | House |
| 11:45 | Construir | Palisade Wall |
| 11:47 | Crear | Villager (Male) |
| 11:48 | Crear | Villager (Male) |
| 12:20 | Construir | Palisade Wall |
| 13:37 | Investigar | Feudal Age |
| 13:37 | Investigar | Feudal Age |
| 13:47 | Construir | House |
| 14:06 | Construir | Palisade Wall |
| 14:14 | Construir | Palisade Wall |
| 14:26 | Crear | Villager (Male) |
| 14:29 | Construir | House |
| 14:39 | Construir | Mill |
| 14:41 | Crear | Fishing Ship |
| 14:42 | Crear | Fishing Ship |
| 14:42 | Crear | Fishing Ship |
| 15:11 | Construir | Palisade Wall |
| 15:25 | Construir | House |
| 15:31 | Crear | Fishing Ship |
| 15:43 | Construir | Palisade Wall |
| 15:47 | Edad | Edad Feudal |
| 15:59 | Construir | Outpost |
| 16:00 | Investigar | Town Watch |
| 16:36 | Construir | Watch Tower |
| 16:38 | Crear | Villager (Male) |
| 16:38 | Crear | Villager (Male) |
| 16:38 | Crear | Villager (Male) |
| 16:44 | Investigar | Double-Bit Axe |
| 16:44 | Investigar | Double-Bit Axe |
| 17:01 | Construir | Gate |
| 17:04 | Construir | Stone Wall |
| 17:06 | Construir | Stone Wall |
| 17:13 | Crear | Villager (Male) |
| 17:13 | Crear | Villager (Male) |
| 17:22 | Construir | Mining Camp |
| 17:42 | Construir | Stone Wall |
| 17:48 | Construir | Stone Wall |
| 17:54 | Crear | Villager (Male) |
| 17:55 | Crear | Villager (Male) |
| 17:55 | Crear | Villager (Male) |
| 18:04 | Crear | Fishing Ship |
| 18:40 | Construir | Stone Wall |
| 18:50 | Investigar | Horse Collar |
| 19:07 | Construir | Stone Wall |
| 19:13 | Crear | Villager (Male) |
| 19:13 | Crear | Villager (Male) |
| 19:13 | Crear | Villager (Male) |
| 20:12 | Construir | Stone Wall |
| 20:15 | Construir | House |
| 20:17 | Construir | Market |
| 20:20 | Crear | Villager (Male) |
| 20:31 | Construir | Lumber Camp |
| 21:09 | Construir | Stone Wall |
| 21:16 | Construir | Stone Wall |
| 21:35 | Construir | Stone Wall |
| 21:39 | Construir | Lumber Camp |
| 21:40 | Crear | Villager (Male) |
| 21:40 | Crear | Villager (Male) |
| 21:40 | Crear | Villager (Male) |
| 21:51 | Construir | Outpost |
| 22:05 | Investigar | Tech 906 |
| 22:05 | Investigar | Tech 906 |
| 22:07 | Construir | Fish Trap |
| 22:08 | Construir | Fish Trap |
| 22:13 | Construir | Fish Trap |
| 22:15 | Construir | Fish Trap |
| 22:21 | Construir | Fish Trap |
| 22:35 | Construir | Farm |
| 22:37 | Construir | Farm |
| 22:37 | Construir | Farm |
| 22:38 | Construir | Farm |
| 22:46 | Crear | Villager (Male) |
| 22:48 | Construir | Mill |
| 23:08 | Crear | Fishing Ship |
| 23:08 | Crear | Fishing Ship |
| 23:19 | Crear | Villager (Male) |
| 23:39 | Crear | Villager (Male) |
| 23:51 | Construir | Fish Trap |
| 23:59 | Crear | Transport Ship |
| 23:59 | Crear | Transport Ship |
| 24:04 | Construir | Fish Trap |
| 24:09 | Construir | Fish Trap |
| 24:12 | Crear | Villager (Male) |
| 24:17 | Crear | Fishing Ship |
| 24:35 | Crear | Fishing Ship |
| 24:38 | Construir | Farm |
| 24:41 | Construir | Farm |
| 24:41 | Construir | Farm |
| 24:43 | Crear | Villager (Male) |
| 24:43 | Crear | Villager (Male) |
| 24:47 | Investigar | Wheelbarrow |
| 24:47 | Investigar | Wheelbarrow |
| 25:09 | Construir | House |
| 25:11 | Construir | House |
| 25:12 | Construir | House |
| 25:12 | Construir | House |
| 25:16 | Crear | Villager (Male) |
| 25:26 | Crear | Transport Ship |
| 25:26 | Crear | Transport Ship |
| 25:35 | Crear | Fishing Ship |
Build order — HR | Darkjosh89
Primeras 150 de 495 acciones detectadas
| 0:01 | Crear | Villager (Male) |
| 0:02 | Crear | Villager (Male) |
| 0:02 | Crear | Villager (Male) |
| 0:02 | Crear | Villager (Male) |
| 0:03 | Construir | House |
| 0:04 | Construir | House |
| 1:14 | Crear | Villager (Male) |
| 1:39 | Crear | Villager (Male) |
| 2:07 | Crear | Villager (Male) |
| 2:29 | Crear | Villager (Male) |
| 2:29 | Crear | Villager (Male) |
| 2:30 | Construir | Lumber Camp |
| 3:18 | Crear | Villager (Male) |
| 3:20 | Crear | Villager (Male) |
| 3:20 | Crear | Villager (Male) |
| 3:50 | Construir | House |
| 3:52 | Crear | Villager (Male) |
| 4:13 | Crear | Villager (Male) |
| 4:48 | Crear | Villager (Male) |
| 4:49 | Crear | Villager (Male) |
| 5:16 | Construir | Dock |
| 5:34 | Construir | House |
| 5:47 | Crear | Villager (Male) |
| 6:11 | Construir | House |
| 6:16 | Construir | House |
| 6:18 | Crear | Villager (Male) |
| 6:37 | Crear | Villager (Male) |
| 6:49 | Crear | Fishing Ship |
| 6:49 | Crear | Fishing Ship |
| 7:22 | Construir | House |
| 7:23 | Crear | Villager (Male) |
| 7:37 | Crear | Fishing Ship |
| 7:51 | Investigar | Feudal Age |
| 8:39 | Construir | Lumber Camp |
| 8:47 | Construir | House |
| 9:04 | Construir | House |
| 9:14 | Construir | House |
| 9:33 | Construir | House |
| 9:52 | Construir | Dock |
| 9:57 | Construir | Dock |
| 9:59 | Crear | Fishing Ship |
| 10:01 | Edad | Edad Feudal |
| 10:02 | Investigar | Double-Bit Axe |
| 10:03 | Investigar | Double-Bit Axe |
| 10:03 | Crear | Villager (Male) |
| 10:17 | Crear | Villager (Male) |
| 10:19 | Crear | Fishing Ship |
| 10:20 | Crear | Fishing Ship |
| 10:25 | Construir | House |
| 10:36 | Crear | Fishing Ship |
| 10:47 | Crear | Villager (Male) |
| 10:56 | Crear | Fishing Ship |
| 11:12 | Crear | Villager (Male) |
| 11:14 | Crear | Fishing Ship |
| 11:16 | Construir | House |
| 11:45 | Crear | Villager (Male) |
| 11:48 | Crear | Fishing Ship |
| 11:50 | Construir | House |
| 11:54 | Construir | Fish Trap |
| 12:03 | Crear | Villager (Male) |
| 12:22 | Construir | Mining Camp |
| 12:26 | Construir | House |
| 12:26 | Crear | Villager (Male) |
| 12:38 | Crear | Villager (Male) |
| 12:56 | Construir | Fish Trap |
| 12:59 | Crear | Villager (Male) |
| 13:02 | Construir | House |
| 13:16 | Construir | Mill |
| 13:25 | Crear | Villager (Male) |
| 13:34 | Construir | House |
| 13:40 | Construir | Blacksmith |
| 14:09 | Crear | Villager (Male) |
| 14:12 | Construir | Market |
| 14:25 | Construir | House |
| 14:35 | Crear | Villager (Male) |
| 14:43 | Construir | Fish Trap |
| 14:51 | Construir | Fish Trap |
| 14:55 | Investigar | Castle Age |
| 14:55 | Investigar | Castle Age |
| 14:58 | Construir | House |
| 15:08 | Construir | Fish Trap |
| 15:15 | Construir | Fish Trap |
| 15:36 | Construir | House |
| 15:41 | Crear | Fishing Ship |
| 15:41 | Crear | Fishing Ship |
| 15:46 | Construir | Fish Trap |
| 16:08 | Construir | House |
| 16:20 | Crear | Fishing Ship |
| 16:20 | Crear | Fishing Ship |
| 16:23 | Construir | Fish Trap |
| 16:26 | Construir | Fish Trap |
| 16:31 | Investigar | Tech 906 |
| 16:31 | Investigar | Tech 906 |
| 16:38 | Construir | House |
| 16:43 | Crear | Villager (Male) |
| 16:59 | Crear | Fishing Ship |
| 17:07 | Construir | Fish Trap |
| 17:45 | Edad | Edad de los Castillos |
| 17:47 | Construir | Town Center |
| 17:49 | Crear | Villager (Male) |
| 17:53 | Construir | Town Center |
| 18:03 | Construir | House |
| 18:06 | Crear | Villager (Male) |
| 18:14 | Construir | Fish Trap |
| 18:19 | Crear | Villager (Male) |
| 18:26 | Investigar | Bow Saw |
| 18:34 | Construir | House |
| 18:40 | Crear | Villager (Male) |
| 18:51 | Crear | Fishing Ship |
| 18:51 | Crear | Fishing Ship |
| 18:53 | Crear | Villager (Male) |
| 18:55 | Crear | Villager (Male) |
| 19:01 | Crear | Fishing Ship |
| 19:01 | Crear | Fishing Ship |
| 19:02 | Crear | Fishing Ship |
| 19:05 | Construir | House |
| 19:18 | Construir | Fish Trap |
| 19:30 | Crear | Fishing Ship |
| 19:30 | Crear | Villager (Male) |
| 19:31 | Crear | Villager (Male) |
| 19:31 | Crear | Villager (Male) |
| 19:31 | Crear | Villager (Male) |
| 19:48 | Construir | Town Center |
| 19:50 | Crear | Villager (Male) |
| 19:51 | Crear | Villager (Male) |
| 19:54 | Construir | Fish Trap |
| 19:57 | Investigar | Gillnets |
| 19:57 | Investigar | Gillnets |
| 19:57 | Investigar | Gillnets |
| 20:00 | Crear | Villager (Male) |
| 20:07 | Construir | Fish Trap |
| 20:11 | Construir | House |
| 20:20 | Construir | Fish Trap |
| 20:22 | Crear | Villager (Male) |
| 20:22 | Crear | Villager (Male) |
| 20:22 | Crear | Villager (Male) |
| 20:23 | Crear | Villager (Male) |
| 20:30 | Investigar | Wheelbarrow |
| 20:30 | Investigar | Wheelbarrow |
| 20:40 | Construir | Mill |
| 20:41 | Crear | Villager (Male) |
| 20:41 | Crear | Villager (Male) |
| 20:45 | Construir | House |
| 20:46 | Construir | House |
| 20:48 | Crear | Villager (Male) |
| 20:48 | Crear | Villager (Male) |
| 20:51 | Crear | Villager (Male) |
| 20:51 | Crear | Villager (Male) |
| 20:54 | Crear | Villager (Male) |
| 20:54 | Crear | Villager (Male) |
Build order — VIPN@U
Primeras 150 de 496 acciones detectadas
| 0:01 | Crear | Villager (Male) |
| 0:02 | Construir | House |
| 0:03 | Construir | House |
| 0:08 | Crear | Villager (Male) |
| 0:08 | Crear | Villager (Male) |
| 0:09 | Crear | Villager (Male) |
| 0:09 | Crear | Villager (Male) |
| 1:09 | Crear | Villager (Male) |
| 1:40 | Crear | Villager (Male) |
| 2:28 | Construir | Lumber Camp |
| 2:30 | Crear | Villager (Male) |
| 2:30 | Crear | Villager (Male) |
| 2:30 | Crear | Villager (Male) |
| 3:10 | Crear | Villager (Male) |
| 3:10 | Crear | Villager (Male) |
| 3:36 | Crear | Villager (Male) |
| 3:36 | Crear | Villager (Male) |
| 3:41 | Crear | Villager (Male) |
| 3:41 | Crear | Villager (Male) |
| 3:49 | Construir | House |
| 3:56 | Crear | Villager (Male) |
| 3:56 | Crear | Villager (Male) |
| 3:57 | Crear | Villager (Male) |
| 4:25 | Investigar | Loom |
| 4:28 | Crear | Villager (Male) |
| 4:28 | Crear | Villager (Male) |
| 4:40 | Crear | Villager (Male) |
| 4:41 | Crear | Villager (Male) |
| 4:41 | Crear | Villager (Male) |
| 4:41 | Crear | Villager (Male) |
| 4:41 | Crear | Villager (Male) |
| 4:48 | Crear | Villager (Male) |
| 4:55 | Construir | Mill |
| 5:17 | Construir | Palisade Wall |
| 5:46 | Crear | Villager (Male) |
| 5:58 | Crear | Villager (Male) |
| 5:58 | Crear | Villager (Male) |
| 6:00 | Construir | House |
| 6:11 | Crear | Villager (Male) |
| 6:12 | Crear | Villager (Male) |
| 6:17 | Crear | Villager (Male) |
| 6:17 | Crear | Villager (Male) |
| 6:46 | Construir | Farm |
| 7:14 | Construir | House |
| 7:45 | Construir | House |
| 8:14 | Construir | House |
| 8:27 | Crear | Villager (Male) |
| 8:55 | Construir | House |
| 8:56 | Investigar | Feudal Age |
| 9:16 | Construir | Mining Camp |
| 9:27 | Construir | Palisade Wall |
| 9:27 | Construir | Palisade Wall |
| 9:28 | Construir | Palisade Wall |
| 10:21 | Construir | Mining Camp |
| 11:07 | Crear | Villager (Male) |
| 11:23 | Edad | Edad Feudal |
| 11:28 | Construir | Market |
| 11:32 | Construir | Blacksmith |
| 11:55 | Crear | Villager (Male) |
| 11:59 | Construir | Mill |
| 12:19 | Investigar | Castle Age |
| 12:19 | Investigar | Castle Age |
| 12:37 | Investigar | Double-Bit Axe |
| 12:37 | Investigar | Double-Bit Axe |
| 12:51 | Construir | Outpost |
| 13:05 | Investigar | Horse Collar |
| 13:05 | Investigar | Horse Collar |
| 13:18 | Construir | Farm |
| 15:00 | Edad | Edad de los Castillos |
| 15:01 | Crear | Villager (Male) |
| 15:02 | Crear | Villager (Male) |
| 15:05 | Construir | Town Center |
| 15:28 | Crear | Villager (Male) |
| 15:34 | Construir | Town Center |
| 15:45 | Investigar | Bow Saw |
| 15:58 | Crear | Villager (Male) |
| 16:06 | Construir | Monastery |
| 16:20 | Crear | Villager (Male) |
| 16:40 | Crear | Villager (Male) |
| 16:41 | Crear | Villager (Male) |
| 16:44 | Crear | Villager (Male) |
| 16:49 | Crear | Monk |
| 17:06 | Investigar | Heavy Plow |
| 17:07 | Crear | Villager (Male) |
| 17:07 | Crear | Villager (Male) |
| 17:08 | Crear | Villager (Male) |
| 17:12 | Construir | Farm |
| 17:15 | Construir | Farm |
| 17:19 | Construir | Farm |
| 17:34 | Crear | Villager (Male) |
| 17:35 | Crear | Villager (Male) |
| 17:35 | Crear | Villager (Male) |
| 17:37 | Construir | Farm |
| 17:43 | Crear | Villager (Male) |
| 17:45 | Crear | Monk |
| 18:02 | Construir | Farm |
| 18:04 | Construir | Farm |
| 18:05 | Crear | Villager (Male) |
| 18:06 | Crear | Villager (Male) |
| 18:06 | Crear | Villager (Male) |
| 18:09 | Construir | House |
| 18:19 | Crear | Villager (Male) |
| 18:19 | Crear | Villager (Male) |
| 18:19 | Crear | Villager (Male) |
| 18:24 | Construir | Farm |
| 18:25 | Crear | Villager (Male) |
| 18:26 | Crear | Villager (Male) |
| 18:27 | Construir | Farm |
| 18:30 | Construir | Farm |
| 18:32 | Construir | Farm |
| 18:37 | Construir | Farm |
| 18:39 | Construir | Farm |
| 18:40 | Crear | Villager (Male) |
| 18:41 | Crear | Villager (Male) |
| 18:41 | Crear | Villager (Male) |
| 18:45 | Construir | House |
| 18:49 | Crear | Villager (Male) |
| 18:55 | Construir | Farm |
| 18:56 | Crear | Villager (Male) |
| 18:56 | Crear | Villager (Male) |
| 19:04 | Crear | Villager (Male) |
| 19:04 | Crear | Villager (Male) |
| 19:08 | Construir | Farm |
| 19:18 | Crear | Villager (Male) |
| 19:18 | Crear | Villager (Male) |
| 19:19 | Crear | Villager (Male) |
| 19:25 | Crear | Villager (Male) |
| 19:26 | Crear | Villager (Male) |
| 19:39 | Construir | Town Center |
| 19:42 | Crear | Villager (Male) |
| 19:42 | Crear | Villager (Male) |
| 19:47 | Construir | Farm |
| 19:51 | Crear | Villager (Male) |
| 19:52 | Crear | Villager (Male) |
| 19:52 | Crear | Villager (Male) |
| 19:52 | Crear | Villager (Male) |
| 19:55 | Construir | House |
| 20:08 | Crear | Villager (Male) |
| 20:08 | Crear | Villager (Male) |
| 20:08 | Crear | Villager (Male) |
| 20:09 | Crear | Villager (Male) |
| 20:09 | Crear | Villager (Male) |
| 20:12 | Construir | Farm |
| 20:14 | Construir | Farm |
| 20:15 | Crear | Villager (Male) |
| 20:16 | Crear | Villager (Male) |
| 20:16 | Crear | Villager (Male) |
| 20:26 | Investigar | Gold Mining |
| 20:27 | Crear | Villager (Male) |
| 20:27 | Crear | Villager (Male) |
Build order — HR Fast_PIG
Primeras 150 de 438 acciones detectadas
| 0:03 | Crear | Villager (Male) ×4 |
| 0:03 | Crear | Villager (Male) ×4 |
| 0:05 | Construir | House |
| 0:06 | Construir | House |
| 1:32 | Crear | Villager (Male) |
| 1:32 | Crear | Villager (Male) |
| 1:52 | Crear | Villager (Male) |
| 1:53 | Crear | Villager (Male) |
| 1:55 | Construir | Lumber Camp |
| 2:30 | Crear | Villager (Male) |
| 2:30 | Crear | Villager (Male) |
| 2:58 | Crear | Villager (Male) |
| 2:58 | Crear | Villager (Male) |
| 2:58 | Crear | Villager (Male) |
| 3:15 | Construir | House |
| 3:35 | Crear | Villager (Male) |
| 3:35 | Crear | Villager (Male) |
| 4:02 | Crear | Villager (Male) |
| 4:26 | Crear | Villager (Male) |
| 4:42 | Crear | Villager (Male) |
| 4:46 | Crear | Villager (Male) |
| 4:50 | Construir | Dock |
| 5:12 | Crear | Villager (Male) |
| 5:17 | Construir | House |
| 5:32 | Crear | Fishing Ship |
| 5:57 | Crear | Villager (Male) |
| 6:08 | Crear | Fishing Ship |
| 6:42 | Crear | Fishing Ship |
| 6:44 | Crear | Villager (Male) |
| 7:16 | Construir | House |
| 7:18 | Crear | Villager (Male) |
| 7:24 | Construir | Mill |
| 7:41 | Crear | Villager (Male) |
| 8:13 | Crear | Villager (Male) |
| 8:29 | Construir | Mining Camp |
| 8:35 | Crear | Villager (Male) |
| 9:06 | Investigar | Feudal Age |
| 10:57 | Construir | House |
| 11:16 | Edad | Edad Feudal |
| 11:20 | Crear | Villager (Male) |
| 11:21 | Construir | Market |
| 11:38 | Crear | Villager (Male) |
| 11:39 | Construir | Blacksmith |
| 11:54 | Crear | Villager (Male) |
| 12:24 | Construir | Farm |
| 12:25 | Investigar | Castle Age |
| 12:26 | Construir | Farm |
| 12:34 | Construir | Fish Trap |
| 13:11 | Construir | Fish Trap |
| 13:46 | Construir | Fish Trap |
| 13:58 | Investigar | Double-Bit Axe |
| 13:58 | Investigar | Double-Bit Axe |
| 13:58 | Investigar | Double-Bit Axe |
| 15:15 | Edad | Edad de los Castillos |
| 15:18 | Construir | Town Center |
| 15:21 | Crear | Villager (Male) |
| 15:31 | Construir | Town Center |
| 15:39 | Construir | Farm |
| 15:42 | Crear | Villager (Male) |
| 15:57 | Construir | Farm |
| 16:00 | Construir | Farm |
| 16:04 | Construir | Farm |
| 16:10 | Crear | Villager (Male) |
| 16:18 | Crear | Villager (Male) |
| 16:34 | Crear | Villager (Male) |
| 16:44 | Construir | Palisade Wall |
| 16:47 | Crear | Villager (Male) |
| 16:50 | Construir | Monastery |
| 16:52 | Crear | Villager (Male) |
| 16:53 | Crear | Villager (Male) |
| 16:59 | Crear | Villager (Male) |
| 17:12 | Construir | Palisade Gate |
| 17:17 | Construir | Farm |
| 17:23 | Crear | Villager (Male) |
| 17:26 | Construir | Farm |
| 17:34 | Construir | Farm |
| 17:36 | Construir | Farm |
| 17:37 | Crear | Monk |
| 17:49 | Crear | Villager (Male) |
| 17:49 | Crear | Villager (Male) |
| 17:51 | Construir | Farm |
| 17:52 | Crear | Villager (Male) |
| 17:55 | Construir | Farm |
| 17:59 | Construir | Farm |
| 18:01 | Crear | Villager (Male) |
| 18:08 | Investigar | Tech 906 |
| 18:09 | Crear | Villager (Male) |
| 18:17 | Construir | House |
| 18:22 | Construir | House |
| 18:24 | Construir | House |
| 18:25 | Construir | House |
| 18:28 | Construir | Farm |
| 18:32 | Crear | Villager (Male) |
| 18:35 | Crear | Villager (Male) |
| 18:42 | Investigar | Wheelbarrow |
| 18:54 | Crear | Fishing Ship |
| 18:55 | Crear | Villager (Male) |
| 19:09 | Construir | Dock |
| 19:15 | Construir | Dock |
| 19:15 | Crear | Villager (Male) |
| 19:17 | Crear | Villager (Male) |
| 19:28 | Crear | Villager (Male) |
| 19:34 | Crear | Villager (Male) |
| 19:40 | Crear | Fishing Ship |
| 19:42 | Construir | Fish Trap |
| 19:47 | Crear | Villager (Male) |
| 19:52 | Crear | Villager (Male) |
| 20:02 | Construir | Town Center |
| 20:06 | Crear | Villager (Male) |
| 20:14 | Construir | House |
| 20:18 | Construir | House |
| 20:19 | Crear | Villager (Male) |
| 20:22 | Crear | Fishing Ship |
| 20:26 | Construir | Fish Trap |
| 20:30 | Crear | Villager (Male) |
| 20:33 | Crear | Fishing Ship |
| 20:33 | Crear | Fishing Ship |
| 20:33 | Crear | Fishing Ship |
| 20:37 | Crear | Villager (Male) |
| 20:44 | Crear | Villager (Male) |
| 20:56 | Investigar | Gillnets |
| 21:03 | Crear | Villager (Male) |
| 21:07 | Construir | Fish Trap |
| 21:10 | Crear | Villager (Male) |
| 21:17 | Crear | Villager (Male) |
| 21:26 | Crear | Villager (Male) |
| 21:35 | Crear | Villager (Male) |
| 21:38 | Crear | Villager (Male) |
| 21:38 | Crear | Villager (Male) |
| 21:39 | Crear | Villager (Male) |
| 21:41 | Crear | Fishing Ship |
| 21:42 | Crear | Fishing Ship |
| 21:44 | Construir | Fish Trap |
| 21:48 | Construir | House |
| 21:50 | Crear | Villager (Male) |
| 21:56 | Construir | Mill |
| 21:57 | Construir | Farm |
| 21:57 | Construir | Farm |
| 21:57 | Construir | Farm |
| 21:58 | Construir | Farm |
| 21:58 | Construir | Farm |
| 21:58 | Construir | Farm |
| 21:58 | Construir | Farm |
| 22:01 | Investigar | Stone Mining |
| 22:01 | Investigar | Gold Mining |
| 22:02 | Crear | Villager (Male) |
| 22:09 | Investigar | Gold Mining |
| 22:17 | Crear | Villager (Male) |
| 22:24 | Construir | Fish Trap |
| 22:27 | Construir | Fish Trap |
Cronología de la partida
| 1:22 | elmenor · wall_segment Palisade Wall x1 |
| 1:23 | elmenor · wall_segment Palisade Wall x1 |
| 2:09 | elmenor · wall_segment Palisade Wall x6 |
| 2:12 | HR itu · wall_segment Palisade Wall x7 |
| 2:27 | HR itu · wall_segment Palisade Wall x7 |
| 2:42 | elmenor · wall_segment Palisade Wall x2 |
| 2:45 | elmenor · wall_segment Palisade Wall x1 |
| 2:46 | elmenor · wall_segment Palisade Wall x1 |
| 2:49 | elmenor · wall_segment Palisade Wall x1 |
| 2:52 | elmenor · wall_segment Palisade Wall x1 |
| 3:31 | HR itu · wall_segment Palisade Wall x4 |
| 3:35 | HR itu · wall_segment Palisade Wall x5 |
| 4:13 | elmenor · wall_segment Palisade Wall x8 |
| 4:35 | elmenor · wall_segment Palisade Wall x1 |
| 4:35 | ÐàLạt«Gô°Kµ» · wall_segment Palisade Wall x6 |
| 4:38 | ÐàLạt«Gô°Kµ» · wall_segment Palisade Wall x7 |
| 4:46 | elmenor · wall_segment Palisade Wall x1 |
| 4:50 | HR Fast_PIG · first_building Dock |
| 4:53 | HR itu · wall_segment Palisade Wall x1 |
| 5:08 | TRex · wall_segment Palisade Wall x1 |
| 5:16 | HR | Darkjosh89 · first_building Dock |
| 5:17 | VIPN@U · wall_segment Palisade Wall x12 |
| 5:20 | ÐàLạt«Gô°Kµ» · first_building Dock |
| 5:21 | TRex · wall_segment Palisade Wall x1 |
| 5:21 | elmenor · wall_segment Palisade Wall x3 |
| 5:22 | TRex · wall_segment Palisade Wall x1 |
| 5:23 | elmenor · wall_segment Palisade Wall x7 |
| 5:24 | TRex · wall_segment Palisade Wall x1 |
| 5:24 | TRex · wall_segment Palisade Wall x1 |
| 5:38 | ÐàLạt«Gô°Kµ» · wall_segment Palisade Wall x1 |
| 5:39 | ÐàLạt«Gô°Kµ» · wall_segment Palisade Wall x1 |
| 6:26 | C4L4V3R4 · wall_segment Palisade Wall x9 |
| 6:31 | elmenor · wall_segment Palisade Wall x1 |
| 6:34 | C4L4V3R4 · first_building Dock |
| 6:50 | elmenor · wall_segment Palisade Wall x1 |
| 7:47 | HR itu · first_building Dock |
| 7:53 | TRex · first_building Dock |
| 8:07 | elmenor · wall_segment Palisade Wall x1 |
| 9:13 | elmenor · wall_segment Palisade Wall x1 |
| 9:14 | elmenor · wall_segment Palisade Wall x1 |
| 9:16 | elmenor · wall_segment Palisade Wall x1 |
| 9:27 | VIPN@U · wall_segment Palisade Wall x1 |
| 9:27 | VIPN@U · wall_segment Palisade Wall x1 |
| 9:28 | VIPN@U · wall_segment Palisade Wall x1 |
| 9:33 | elmenor · wall_segment Palisade Wall x1 |
| 9:54 | elmenor · wall_segment Palisade Wall x1 |
| 10:01 | HR | Darkjosh89 · age_up feudal |
| 10:50 | elmenor · age_up feudal |
| 10:56 | elmenor · wall_segment Palisade Wall x1 |
| 11:06 | HR itu · age_up feudal |
| 11:16 | HR Fast_PIG · age_up feudal |
| 11:22 | HR itu · wall_segment Stone Wall x6 |
| 11:23 | VIPN@U · age_up feudal |
| 11:26 | elmenor · wall_segment Palisade Wall x1 |
| 11:34 | ÐàLạt«Gô°Kµ» · age_up feudal |
| 11:40 | elmenor · wall_segment Palisade Wall x2 |
| 11:45 | TRex · wall_segment Palisade Wall x13 |
| 11:52 | HR itu · wall_segment Stone Wall x6 |
| 12:00 | C4L4V3R4 · age_up feudal |
| 12:20 | TRex · wall_segment Palisade Wall x11 |
| 12:47 | HR itu · wall_segment Stone Wall x3 |
| 13:04 | elmenor · wall_segment Palisade Wall x1 |
| 13:33 | HR itu · wall_segment Stone Wall x5 |
| 14:06 | TRex · wall_segment Palisade Wall x1 |
| 14:14 | TRex · wall_segment Palisade Wall x3 |
| 15:00 | VIPN@U · age_up castle |
| 15:04 | elmenor · wall_segment Palisade Wall x1 |
| 15:10 | ÐàLạt«Gô°Kµ» · first_market_buy 100 wood |
| 15:11 | TRex · wall_segment Palisade Wall x1 |
| 15:14 | ÐàLạt«Gô°Kµ» · age_up castle |
| 15:15 | HR Fast_PIG · age_up castle |
| 15:16 | ÐàLạt«Gô°Kµ» · first_building Siege Workshop |
| 15:19 | ÐàLạt«Gô°Kµ» · first_building Monastery |
| 15:24 | HR Fast_PIG · first_market_sell 100 food |
| 15:25 | HR Fast_PIG · first_market_buy 100 wood |
| 15:28 | elmenor · wall_segment Palisade Wall x1 |
| 15:35 | elmenor · first_market_buy 100 food |
| 15:43 | TRex · wall_segment Palisade Wall x1 |
| 15:47 | TRex · age_up feudal |
| 15:50 | C4L4V3R4 · age_up castle |
| 15:56 | elmenor · first_market_sell 100 wood |
| 16:06 | VIPN@U · first_building Monastery |
| 16:38 | C4L4V3R4 · first_market_buy 100 wood |
| 16:44 | HR Fast_PIG · wall_segment Palisade Wall x7 |
| 16:50 | HR Fast_PIG · first_building Monastery |
| 17:04 | TRex · wall_segment Stone Wall x6 |
| 17:05 | VIPN@U · first_market_buy 100 food |
| 17:06 | TRex · wall_segment Stone Wall x8 |
| 17:26 | elmenor · wall_segment Palisade Wall x1 |
| 17:27 | elmenor · wall_segment Palisade Wall x1 |
| 17:30 | elmenor · wall_segment Palisade Wall x3 |
| 17:39 | elmenor · wall_segment Palisade Wall x1 |
| 17:42 | TRex · wall_segment Stone Wall x9 |
| 17:45 | HR | Darkjosh89 · age_up castle |
| 17:48 | TRex · wall_segment Stone Wall x5 |
| 17:59 | HR itu · age_up castle |
| 18:03 | HR itu · first_building Monastery |
| 18:19 | HR itu · first_building Siege Workshop |
| 18:40 | TRex · wall_segment Stone Wall x5 |
| 18:41 | elmenor · age_up castle |
| 18:45 | elmenor · first_building Castle |
| 18:47 | HR itu · first_market_sell 100 stone |
| 19:07 | TRex · wall_segment Stone Wall x4 |
| 19:13 | C4L4V3R4 · wall_segment Stone Wall x10 |
| 19:31 | HR itu · wall_segment Stone Wall x4 |
| 19:40 | HR | Darkjosh89 · first_market_buy 100 stone |
| 20:12 | TRex · wall_segment Stone Wall x1 |
| 21:09 | TRex · wall_segment Stone Wall x8 |
| 21:09 | C4L4V3R4 · first_building Castle |
| 21:16 | TRex · wall_segment Stone Wall x8 |
| 21:35 | TRex · wall_segment Stone Wall x1 |
| 22:12 | VIPN@U · first_building Barracks |
| 22:44 | HR | Darkjosh89 · first_building Barracks |
| 23:04 | VIPN@U · first_building Stable |
| 23:16 | ÐàLạt«Gô°Kµ» · first_market_sell 100 wood |
| 23:21 | HR itu · wall_segment Stone Wall x1 |
| 23:38 | HR | Darkjosh89 · first_building Stable |
| 23:51 | ÐàLạt«Gô°Kµ» · first_building Castle |
| 23:52 | HR itu · first_market_buy 100 food |
| 23:54 | VIPN@U · first_building Siege Workshop |
| 24:48 | HR | Darkjosh89 · first_building Monastery |
| 24:52 | TRex · tribute_sent a jugador 1 |
| 24:52 | TRex · tribute_sent a jugador 2 |
| 24:52 | TRex · tribute_sent a jugador 3 |
| 24:52 | TRex · tribute_sent a jugador 4 |
| 24:52 | TRex · tribute_sent a jugador 6 |
| 24:52 | TRex · tribute_sent a jugador 7 |
| 24:52 | TRex · tribute_sent a jugador 8 |
| 25:07 | VIPN@U · first_market_sell 100 stone |
| 25:09 | C4L4V3R4 · first_building Barracks |
| 25:29 | HR | Darkjosh89 · first_market_sell 100 food |
| 25:48 | TRex · tribute_sent a jugador 1 |
| 25:48 | TRex · tribute_sent a jugador 2 |
| 25:48 | TRex · tribute_sent a jugador 3 |
| 25:48 | TRex · tribute_sent a jugador 4 |
| 25:48 | TRex · tribute_sent a jugador 6 |
| 25:48 | TRex · tribute_sent a jugador 7 |
| 25:48 | TRex · tribute_sent a jugador 8 |
| 25:54 | HR Fast_PIG · first_building Castle |
| 26:17 | HR itu · first_building Castle |
| 26:32 | C4L4V3R4 · first_building Stable |
| 26:33 | C4L4V3R4 · first_building Archery Range |
| 26:39 | VIPN@U · first_building Castle |
| 27:11 | HR | Darkjosh89 · first_building Castle |
| 27:24 | HR Fast_PIG · first_building Barracks |
| 27:39 | elmenor · wall_segment Stone Wall x1 |
| 28:18 | VIPN@U · age_up imperial |
| 28:37 | HR itu · wall_segment Stone Wall x7 |
| 28:40 | HR itu · wall_segment Stone Wall x3 |
| 28:45 | C4L4V3R4 · age_up imperial |
| 28:47 | TRex · first_market_sell 100 stone |
| 29:02 | HR | Darkjosh89 · age_up imperial |
| 29:21 | HR | Darkjosh89 · first_building Siege Workshop |
| 29:43 | C4L4V3R4 · wall_segment Stone Wall x1 |
| 29:44 | HR Fast_PIG · first_building Stable |
| 30:03 | HR Fast_PIG · age_up imperial |
| 30:14 | HR itu · first_building Barracks |
| 30:26 | HR itu · wall_segment Stone Wall x3 |
| 31:37 | TRex · age_up castle |
| 31:39 | ÐàLạt«Gô°Kµ» · age_up imperial |
| 31:43 | VIPN@U · tribute_sent a jugador 1 |
| 31:43 | VIPN@U · tribute_sent a jugador 2 |
| 31:43 | VIPN@U · tribute_sent a jugador 3 |
| 31:43 | VIPN@U · tribute_sent a jugador 4 |
| 31:43 | VIPN@U · tribute_sent a jugador 5 |
| 31:43 | VIPN@U · tribute_sent a jugador 6 |
| 31:43 | VIPN@U · tribute_sent a jugador 8 |
| 31:43 | TRex · first_building Monastery |
| 32:05 | HR itu · age_up imperial |
| 32:49 | VIPN@U · tribute_sent a jugador 1 |
| 32:49 | VIPN@U · tribute_sent a jugador 2 |
| 32:49 | VIPN@U · tribute_sent a jugador 3 |
| 32:49 | VIPN@U · tribute_sent a jugador 4 |
| 32:49 | VIPN@U · tribute_sent a jugador 5 |
| 32:49 | VIPN@U · tribute_sent a jugador 6 |
| 32:49 | VIPN@U · tribute_sent a jugador 8 |
| 32:51 | C4L4V3R4 · wall_segment Stone Wall x1 |
| 33:11 | HR Fast_PIG · first_building Siege Workshop |
| 33:20 | VIPN@U · tribute_sent a jugador 1 |
| 33:20 | VIPN@U · tribute_sent a jugador 2 |
| 33:20 | VIPN@U · tribute_sent a jugador 3 |
| 33:20 | VIPN@U · tribute_sent a jugador 4 |
| 33:20 | VIPN@U · tribute_sent a jugador 5 |
| 33:20 | VIPN@U · tribute_sent a jugador 6 |
| 33:20 | VIPN@U · tribute_sent a jugador 8 |
| 33:28 | HR itu · wall_segment Stone Wall x6 |
| 34:11 | HR itu · wall_segment Stone Wall x7 |
| 34:11 | TRex · first_building Barracks |
| 34:31 | HR | Darkjosh89 · first_building Archery Range |
| 34:41 | TRex · first_building Stable |
| 34:42 | ÐàLạt«Gô°Kµ» · first_building Barracks |
| 34:53 | C4L4V3R4 · first_market_sell 500 food |
| 35:19 | ÐàLạt«Gô°Kµ» · first_building Archery Range |
| 35:37 | TRex · age_up imperial |
| 37:54 | elmenor · resign |
| 37:54 | C4L4V3R4 · tribute_sent a jugador 1 |
| 37:54 | C4L4V3R4 · tribute_sent a jugador 2 |
| 37:54 | C4L4V3R4 · tribute_sent a jugador 4 |
| 37:54 | C4L4V3R4 · tribute_sent a jugador 5 |
| 37:54 | C4L4V3R4 · tribute_sent a jugador 6 |
| 37:54 | C4L4V3R4 · tribute_sent a jugador 7 |
| 37:54 | C4L4V3R4 · tribute_sent a jugador 8 |
[ ANÁLISIS IA · 1 CRÉDITO ]
¿Qué pasó realmente en esta partida?
Wolo.gg analiza cada decisión: build order, eco, micro, errores típicos por bracket. Análisis personalizado por WhatsApp o Discord en 30 segundos.
Guía civ
Mongoles
Perfil
Jugador #233841